Map: Abyssal Reef LE

Players

Latias - Winner!

  • Race: Protoss Protoss
  • Spawn Location: 5:00

Pirateskullz

  • Race: Terran Terran
  • League: Platinum
  • Spawn Location: 11:00

VOD

Have the link to the VOD?

Description

Time

  • Played on: June 12, 2017, 8:57 p.m.
  • Length: 16:32
Show
View Real Time Build Order
Export as new Build Order

Latias Protoss - Winner!

Build Orders: Oracle Opening 

Get SALT Encoding   

  12  0:01  Probe (Chrono Boost)  
  13  0:11  Probe (Chrono Boost)  
  14  0:20  Pylon  
  14  0:23  Probe (Chrono Boost)  
  15  0:30  Assimilator  
  15  0:39  Probe (Chrono Boost)  
  16  0:43  Gateway  
  16  0:49  Probe (Chrono Boost)  
  17  1:00  Probe (Chrono Boost)  
  18  1:08  Assimilator  
  18  1:10  Probe (Chrono Boost)  
  19  1:21  Probe (Chrono Boost)  
  20  1:31  Probe (Chrono Boost)  
  21  1:40  Cybernetics Core  
  21  1:42  Probe (Chrono Boost)  
  22  1:55  Probe (Chrono Boost)  
  23  2:06  Gateway  
  23  2:09  Pylon  
  23  2:22  Pylon  
  23  2:25  Stargate  
  23  2:26  Warp Gate  
  23  2:28  Mothership Core (Chrono Boost)  
  25  2:31  Pylon  
  25  2:32  Adept  
  27  2:57  Adept  
  29  3:02  Adept  
  29  3:03  Oracle  
  31  3:12  Probe (Chrono Boost)  
  35  3:26  Adept  
  37  3:32  Adept  
  39  3:41  Nexus  
  39  3:59  Gateway  
  39  4:01  Gateway  
  39  4:12  Pylon  
  40  4:33  Probe (Chrono Boost)  
  40  4:39  Oracle  
  40  4:45  Probe (Chrono Boost)  
  44  4:46  Fleet Beacon  
  44  4:51  Adept  
  46  4:57  Adept  
  48  5:06  Probe (Chrono Boost)  
  50  5:07  Probe (Chrono Boost)  
  50  5:11  Sentry  
  52  5:17  Probe (Chrono Boost)  
  53  5:35  Adept  
  53  5:36  Adept x3  
  61  5:56  Pylon  
  61  6:02  Carrier  
  62  6:04  Probe (Chrono Boost)  
  62  6:14  Probe (Chrono Boost)  
  69  6:28  Pylon  
  44  7:17  Carrier, Probe (Chrono Boost)  
  44  7:18  Probe (Chrono Boost), Adept x4  
  54  7:28  Probe (Chrono Boost), Stargate  
  62  7:30  Probe (Chrono Boost)  
  62  7:36  Assimilator  
  62  7:38  Probe (Chrono Boost)  
  62  7:39  Adept x4  
  62  7:43  Probe (Chrono Boost)  
  72  7:46  Pylon  
  72  7:49  Probe (Chrono Boost)  
  73  7:55  Probe (Chrono Boost)  
  73  7:57  Assimilator  
  74  7:59  Probe (Chrono Boost)  
  74  8:01  Adept  
  78  8:07  Probe (Chrono Boost), Graviton Catapult  
  78  8:10  Probe (Chrono Boost)  
  79  8:15  Pylon, Adept x3  
  79  8:19  Probe (Chrono Boost)  
  86  8:36  Carrier  
  86  8:42  Nexus  
  86  8:46  Zealot  
  94  9:07  Pylon  
  94  9:24  Carrier  
  94  9:29  Adept  
  102  9:35  Pylon  
  102  9:36  Pylon  
  102  9:37  Pylon  
  88  10:02  Carrier  
  94  10:18  Adept x4  
  102  10:24  Probe (Chrono Boost)  
  102  10:26  Probe (Chrono Boost)  
  102  10:27  Protoss Air Weapons Level 1  
  104  10:32  Nexus  
  104  10:35  Probe (Chrono Boost)  
  105  10:38  Probe (Chrono Boost)  
  103  10:47  Adept x4  
  112  10:50  Probe (Chrono Boost)  
  112  10:55  Carrier  
  93  11:47  Probe (Chrono Boost)  
  93  11:49  Probe x2 (Chrono Boost)  
  93  11:50  Carrier  
  93  11:53  Pylon  
  95  11:59  Probe (Chrono Boost)  
  95  12:00  Probe x2 (Chrono Boost)  
  98  12:02  Gateway  
  98  12:08  Gateway  
  98  12:13  Probe (Chrono Boost)  
  98  12:14  Probe (Chrono Boost)  
  98  12:15  Probe (Chrono Boost)  
  101  12:24  Probe x2 (Chrono Boost)  
  101  12:27  Probe (Chrono Boost)  
  98  12:47  Mothership Core (Chrono Boost)  
  98  12:48  Adept x4  
  106  12:56  Carrier  
  112  13:01  Assimilator  
  112  13:03  Assimilator  
  112  13:09  Carrier, Nexus  
  112  13:16  Adept  
  112  13:17  Adept x3  
  126  13:45  Protoss Air Weapons Level 2  
  126  13:47  Adept x5  
  136  13:48  Adept  
  128  14:29  Adept  
  128  14:30  Adept  
  125  14:34  Adept x2  
  125  14:41  Pylon  
  125  14:45  Pylon  
  123  14:46  Pylon  
  123  14:49  Pylon  
  112  15:01  Adept x5  
  112  15:02  Adept  
  117  15:23  Nexus  
  85  16:31  Adept x2  
Show
View Real Time Build Order
Export as new Build Order

Pirateskullz Terran 

Build Orders:  

Get SALT Encoding   

  12  0:01  SCV  
  13  0:13  SCV  
  14  0:25  Supply Depot, SCV  
  15  0:45  Refinery  
  15  0:46  SCV  
  16  0:58  SCV  
  17  1:06  Barracks  
  17  1:10  SCV  
  18  1:18  Supply Depot  
  18  1:22  Barracks  
  18  1:25  Refinery  
  18  1:26  SCV  
  20  1:55  Orbital Command  
  19  2:06  Reaper  
  20  2:10  Factory  
  20  2:15  Barracks Reactor  
  20  2:21  SCV  
  21  2:51  SCV  
  22  3:03  SCV  
  23  3:07  Bunker  
  23  3:09  Marine x3  
  23  3:11  Factory Tech Lab  
  25  3:27  SCV  
  25  3:31  Command Center, Siege Tank  
  25  3:32  Marine x2  
  31  3:47  Barracks Tech Lab  
  31  3:56  Supply Depot  
  31  4:04  Engineering Bay  
  31  4:17  Marauder, Marine x2, SCV  
  31  4:21  Engineering Bay  
  36  4:29  SCV  
  36  4:42  Missile Turret  
  36  4:46  SCV  
  37  4:57  Missile Turret  
  37  5:05  Marine x2  
  37  5:06  Marauder  
  41  5:07  Siege Tank  
  41  5:11  Terran Infantry Weapons Level 1  
  44  5:15  Terran Infantry Armor Level 1  
  44  5:37  Marine x2, Missile Turret  
  44  5:38  Marauder  
  44  5:39  SCV  
  44  5:42  SCV  
  50  5:51  SCV  
  51  5:58  Missile Turret  
  51  5:59  Orbital Command, Missile Turret  
  51  6:11  SCV  
  51  6:13  Marine  
  51  6:14  Marauder  
  55  6:21  Marine  
  55  6:23  SCV  
  57  6:29  Supply Depot  
  57  6:31  Marine  
  58  6:35  Marine, SCV  
  60  6:40  SCV  
  61  6:48  SCV  
  61  6:52  SCV  
  63  6:55  Marine x2  
  63  6:56  Siege Tank, Marauder  
  61  7:13  Marine x2  
  62  7:17  Marine  
  62  7:18  SCV x2  
  65  7:25  Missile Turret  
  65  7:29  Combat Shields  
  65  7:30  SCV x2  
  65  7:31  Marine  
  65  7:32  Command Center  
  65  7:35  Marauder  
  70  7:43  Barracks  
  70  7:45  Barracks  
  70  7:49  Factory  
  70  7:54  Marine x2  
  70  7:56  Marauder  
  74  8:00  SCV  
  74  8:01  SCV  
  76  8:11  Supply Depot  
  76  8:12  SCV  
  76  8:13  SCV  
  78  8:20  Marine x2  
  78  8:21  Marauder  
  78  8:25  SCV x2  
  84  8:35  Refinery  
  84  8:37  Refinery  
  84  8:42  SCV  
  84  8:43  SCV  
  84  8:44  Barracks Reactor, Barracks Tech Lab, Refinery  
  84  8:46  Factory Tech Lab  
  86  8:50  Refinery  
  86  8:52  Marine x2  
  86  8:53  Marauder  
  86  8:54  SCV  
  86  8:55  SCV  
  92  9:05  Orbital Command  
  92  9:15  SCV x2  
  92  9:16  Marine x3  
  97  9:17  Marauder  
  99  9:27  SCV x2  
  99  9:28  Marine  
  99  9:29  Marine  
  103  9:34  Marine x3  
  94  9:45  Marine  
  94  9:46  Marine x2  
  94  9:47  Siege Tank  
  94  9:48  Siege Tank  
  94  9:52  Marine  
  87  9:53  Marauder  
  87  9:59  Marine  
  82  10:03  Marine  
  82  10:04  Marine x2  
  82  10:07  Starport x2  
  81  10:09  Marine  
  81  10:10  Starport  
  81  10:11  SCV  
  81  10:12  SCV x2  
  81  10:13  Marine  
  81  10:17  Marine  
  80  10:21  Marine  
  80  10:23  SCV  
  80  10:24  Marine x2  
  80  10:26  Missile Turret  
  80  10:27  Marine  
  85  10:29  SCV  
  85  10:31  Marine  
  85  10:34  Marine  
  88  10:39  Marine  
  89  10:43  Marine x2  
  89  10:45  Marine  
  89  10:49  Marine  
  93  10:51  Missile Turret  
  93  10:52  Marine  
  93  10:57  Marine  
  94  11:00  Starport Reactor x2  
  94  11:01  Starport Reactor, Marine x2  
  94  11:03  Marine  
  98  11:04  Supply Depot  
  98  11:06  Supply Depot  
  96  11:16  Marine x3  
  86  11:19  Marine  
  86  11:24  Marine x2  
  65  11:34  Marine x3  
  65  11:36  Marine  
  59  11:41  Viking  
  59  11:42  Marine x2, Viking x5  
  70  11:51  Marine x2  
  70  11:52  Marine  
  73  11:54  Marine  
  73  11:59  Marine x2  
  62  12:09  Marine x3  
  62  12:12  Marine  
  65  12:17  Marine x2  
  63  12:27  Marine x3  
  63  12:28  Viking x2  
  62  12:30  Marine  
  62  12:35  Marine x2  
  65  12:45  Marine x2  
  65  12:47  Viking x2  
  71  12:54  Viking  
  71  12:56  Widow Mine  
  75  13:15  Marine x6  
  81  13:22  Viking x2  
  81  13:24  Orbital Command  
  85  13:33  Marine x4  
  89  13:47  Marine x2  
  91  13:50  Marine  
  91  13:53  Marine x3  
  92  14:04  Widow Mine  
  92  14:05  Marine, Marauder  
  92  14:08  Marine  
  96  14:11  Siege Tank  
  96  14:14  Viking  
  95  14:37  Viking  
  86  14:38  Viking  
  86  14:39  Widow Mine  
  67  15:07  Widow Mine  
  63  15:45  SCV x2  
  65  15:57  SCV x2  
  65  16:09  SCV  
Tags
 
Add a new tag
Caveats
  • Supply blocks, unpowered buildings, or Contaminate may cause inaccurate times.
  • Supply counts are checked every 10 seconds.